 Dungeon Crawl Stone Soup version 0.28.0-43-g3370ac3207 (webtiles) character file.

Game seed: 18261786132276282715

75 tizbic2 the Shield-Bearer (level 4, -1/37 HPs)
             Began as a Formicid Fighter on Mar 8, 2022.
             Was an Initiate of Kikubaaqudgha.
             Succumbed to Terence's poison
             ... on level 3 of the Dungeon.
             The game lasted 00:08:02 (2172 turns).

tizbic2 the Shield-Bearer (Formicid Fighter)        Turns: 2172, Time: 00:08:03

Health: -1/37      AC:  7    Str: 23    XL:     4   Next: 55%
Magic:  4/4        EV: 13    Int:  7    God:    Kikubaaqudgha [......]
Gold:   110        SH:  4    Dex: 10    Spells: 3/3 levels left

rFire   . . .      SeeInvis +   e - +0 club
rCold   . . .      Faith    .   c - +0 buckler
rNeg    + . .      Spirit   .   b - +0 scale mail
rPois   .          Reflect  .   (helmet unavailable)
rElec   .          Harm     .   (no cloak)
rCorr   .          Rampage  .   (no gloves)
Will    .....                   (no boots)
Stlth   ..........              (no amulet)
HPRegen 0.12/turn               i - ring of positive energy
MPRegen 0.09/turn               m - +4 ring of evasion

@: mighty, lethally poisoned (-1 -> -28), flying
A: permanent stasis, dig shafts and tunnels, antennae 3, four strong arms
a: Dig, Shaft Self, Renounce Religion


You were on level 3 of the Dungeon.
You worshipped Kikubaaqudgha.
Kikubaaqudgha was noncommittal.
You visited 1 branch of the dungeon, and saw 3 of its levels.

You collected 110 gold pieces.

Inventory:

Hand Weapons
 a - a +0 flail
 e - a +0 club (weapon)
 j - a +0 war axe
Missiles
 f - 57 stones (quivered)
Armour
 b - a +0 scale mail (worn)
 c - a +0 buckler (worn)
Jewellery
 i - a ring of positive energy (left hand)
 m - a +4 ring of evasion (right hand)
Scrolls
 g - a scroll of identify {unknown}
 k - a scroll of summoning {unknown}
Potions
 l - 2 potions of curing {unknown}


   Skills:
 + Level 3.9 Fighting
 + Level 2.7 Maces & Flails
 * Level 3.7 Armour
 - Level 4.6 Shields
 + Level 0.0 Necromancy


You had 3 spell levels left.
You didn't know any spells.
Your spell library was empty.

Dungeon Overview and Level Annotations

Branches:
Dungeon (3/15)

Altars:
Kikubaaqudgha

Annotations:
D:3 Terence


Innate Abilities, Weirdness & Mutations

You cannot be hasted, slowed, berserked, paralysed or teleported.
You can dig through walls and to a lower floor.
You have a pair of large antennae on your head. (SInv)
Your four strong arms can wield two-handed weapons with a shield.


Message History

Terence is moderately wounded.
You feel sick. Terence barely misses you.
You closely miss Terence.
Terence is moderately wounded.
You feel sick. Terence closely misses you.
You hit Terence but do no damage.
Terence is moderately wounded.
You feel sick. Terence closely misses you.
You hit Terence but do no damage.
Terence is moderately wounded.
You feel sick. Terence shouts, "Now you die!"
Terence hits you but does no damage.
You are more poisoned.
You hit Terence but do no damage.
Terence is moderately wounded.
You feel very sick. Terence closely misses you.
You hit Terence but do no damage.
Terence is moderately wounded.
You feel sick.
Terence hits you with a +1 short sword of venom.
You are more poisoned.
Terence hits you with a +1 short sword of venom.
You feel very mighty all of a sudden.
* * * LOW HITPOINT WARNING * * *
You feel very sick. Terence closely misses you.
You hit Terence.
Terence is severely wounded.
* * * LOW HITPOINT WARNING * * *
You feel very sick.
Terence hits you with a +1 short sword of venom.
* * * LOW HITPOINT WARNING * * *
You are more poisoned.
It was a potion of flight.
You feel very buoyant.
You fly up into the air.
You die...
Kikubaaqudgha rasps: "You have failed me!
Welcome... death!"

#..# #.#.#
#..# #.# #
#..# #.# #..#
#.# #.## #.#
#.# .#
##.####.#
.......†####.#
##.......@@..#
#.###########
#


You could see Terence.

Vanquished Creatures
  2 adders
  A worm (D:2)
  2 dart slugs (D:2)
  4 endoplasms (D:1)
  A giant cockroach (D:2)
  5 goblins
  6 hobgoblins (D:1)
  6 jackals
  4 quokkas (D:1)
  3 ball pythons (D:1)
  4 bats
  A frilled lizard (D:1)
  5 rats
44 creatures vanquished.

Notes
Turn   | Place    | Note
-------+----------+-------------------------------------------
     0 | D:1      | tizbic2 the Formicid Fighter began the quest for the Orb.
     0 | D:1      | Reached XP level 1. HP: 18/18 MP: 1/1
   253 | D:1      | Reached XP level 2. HP: 21/24 MP: 2/2
   254 | D:1      | Reached skill level 4 in Shields
   545 | D:1      | Reached XP level 3. HP: 29/29 MP: 3/3
  1096 | D:1      | You fall into a shaft and drop 1 floor!
  1225 | D:2      | Reached XP level 4. HP: 31/37 MP: 4/4
  1932 | D:3      | Found an ancient bone altar of Kikubaaqudgha.
  2090 | D:3      | Became a worshipper of Kikubaaqudgha
  2154 | D:3      | Noticed Terence
  2172 | D:3      | Succumbed to Terence's poison

Illustrated notes

Levels and vault maps discovered:
D:1:      lightli_arrival_statuegarden, layout_loops_corners
D:2:      layout_loops_ring
D:3:      layout_basic, mainiacjoe_overflow_small_starburst,
          chequers_ecumenical_altar_twisty, ebering_ghost_disaster_area,
          hangedman_glass_teeth, uniq_terence

Skill      XL: |  1  2 |
---------------+-------+-----
Shields        | 4 |  4.6
Fighting       | |  3.9
Maces & Flails | |  2.7
Armour         | |  3.7

Action                   |  1- 3 |  4- 6 || total
-------------------------+-------+-------++-------
Melee: Club              |    89 |    11 ||   100
       Flail             |     2 |       ||     2
       War axe           |    24 |    37 ||    61
Throw: Stone             |     1 |       ||     1
 Abil: Shaft Self        |     1 |       ||     1
  Use: Potion            |       |     2 ||     2
Armor: Scale mail        |    55 |    11 ||    66
Dodge: Dodged            |    55 |    36 ||    91
Block: Buckler           |    21 |    10 ||    31
